 Dungeon Crawl Stone Soup version 0.30-a0-556-g0a0f5a245f (webtiles) character file.

Game seed: 17026685269128108636

896 Bnni the Vexing (level 8, -23/58 HPs)
             Began as a Formicid Hexslinger on Dec 27, 2022.
             Was a Follower of Dithmenos.
             Engulfed by a cloud of flame (33 damage)
             ... on level 6 of the Dungeon.
             The game lasted 00:16:00 (6929 turns).

Bnni the Vexing (Formicid Hexslinger)               Turns: 6929, Time: 00:16:01

Health: -23/58     AC:  4    Str: 15    XL:     8   Next: 27%
Magic:  0/12       EV: 11    Int: 15    God:    Dithmenos [*.....]
Gold:   340        SH:  4    Dex: 14    Spells: 2/13 levels left

rFire   . . .      SeeInvis +    a - +1 sling
rCold   . . .      Faith    .    F - +0 buckler
rNeg    + . .      Spirit   +    c - +0 robe
rPois   .          Reflect  .    (helmet unavailable)
rElec   .          Harm     .    v - +0 cloak
rCorr   .          Rampage  .    j - +0 pair of gloves
Will    .....                    (no boots)
Stlth   +                        s - amulet of guardian spirit
HPRegen 0.29/turn                z - ring of positive energy
MPRegen 0.13/turn                (no ring)

@: wreathed by umbra
A: permanent stasis, dig shafts and tunnels, antennae 3, four strong arms
a: Dig, Shaft Self, Renounce Religion


You were on level 6 of the Dungeon.
You worshipped Dithmenos.
Dithmenos was aware of your devotion.
You visited 2 branches of the dungeon, and saw 7 of its levels.

You collected 389 gold pieces.
You spent 49 gold pieces at shops.

Inventory:

Hand Weapons
 a - a +1 sling (weapon)
 q - a +2 dagger of electrocution
Missiles
 n - 2 curare-tipped darts
Armour
 c - a +0 robe (worn)
 j - a +0 pair of gloves (worn)
 v - a +0 cloak (worn)
 F - a +0 buckler (worn)
Jewellery
 d - a ring of ice
 o - a ring of ice
 s - an amulet of guardian spirit (around neck)
 z - a ring of positive energy (left hand)
Wands
 p - a wand of roots (3)
 J - a wand of acid (7)
Scrolls
 b - a scroll of poison
 e - a scroll of enchant armour {unknown}
 h - 2 scrolls of immolation {unknown}
 l - 2 scrolls of blinking {unknown}
 r - a scroll of fear {unknown}
 w - a scroll of vulnerability {unknown}
 x - a scroll of fog {unknown}
 y - a scroll of amnesia {unknown}
 B - a scroll of noise {unknown}
 C - a scroll of magic mapping {unknown}
 G - 2 scrolls of silence {unknown}
Potions
 i - a potion of flight {unknown}
 k - a potion of invisibility
 m - 2 potions of mutation {unknown}
 t - 4 potions of curing {unknown}
 u - a potion of brilliance {unknown}
 A - a potion of attraction {unknown}
 D - a potion of heal wounds {unknown}
 E - 2 potions of might {unknown}
 H - a potion of magic {unknown}
 I - a potion of lignification {unknown}


   Skills:
 + Level 3.5 Fighting
 * Level 5.1 Ranged Weapons
 - Level 1.7 Dodging
 + Level 2.0 Shields
 + Level 3.2 Spellcasting
 * Level 6.7 Hexes
 + Level 2.8 Fire Magic


You had 2 spell levels left.
You knew the following spells:

 Your Spells              Type           Power      Damage    Failure   Level
a - Slow                  Hex            88%        N/A       1%          1
b - Inner Flame           Hex/Fire       16%        N/A       10%         3
c - Portal Projectile     Hex/Tloc       24%        N/A       19%         3
d - Cause Fear            Hex            11%        N/A       16%         4

Your spell library contained the following spells:

 Spells                   Type           Power      Damage    Failure   Level
 Apportation              Tloc           4%         N/A       24%         1
 Dazzling Flash           Conj/Hex       24%        N/A       19%         3
 Iskenderun's Mystic Bla  Conj/Tloc      2%         2d3       94%         4
 Alistair's Intoxication  Tmut/Pois      1%         N/A       100%        5
 Starburst                Conj/Fire      3%         6d3       100%        6


Dungeon Overview and Level Annotations

Branches:
Dungeon (6/15)             Temple (1/1) D:4

Altars:
Dithmenos
Elyvilon
Fedhas
Hepliaklqana
Makhleb
Nemelex Xobeh
Ru
Sif Muna
Uskayaw
Vehumet
Wu Jian
Zin

Shops:
D:1 **?=?   D:4 [


Innate Abilities, Weirdness & Mutations

You cannot be hasted, slowed, berserked, paralysed or teleported.
You can dig through walls and to a lower floor.
You have a pair of large antennae on your head. (SInv)
Your four strong arms can wield two-handed weapons with a shield.


Message History

The sling bullet hits the hound but does no damage.
Your attack snaps the hound out of its fear.
The hound is almost dead.
Cornered, the howler monkey turns to fight!
Cornered, the hound turns to fight!
Fire: a) +1 sling
Press: ? - help, Shift-Dir - straight line, f/p - hound
Aim: a hound (almost dead, inner flame, 50% to hit)
You shoot a sling bullet. The sling bullet misses the hound.
The sling bullet hits the howler monkey.
The howler monkey is heavily wounded.
Fire: a) +1 sling
Press: ? - help, Shift-Dir - straight line, f/p - hound
Aim: a hound (almost dead, inner flame, 50% to hit)
You shoot a sling bullet.
The sling bullet closely misses the hound.
The sling bullet hits the howler monkey!
The howler monkey is almost dead.
The sentinel's mark upon you fades away.
The hound bites you.
Unknown command.
Casting: Cause Fear (dangerous; 16% risk of failure)
Confirm with . or Enter, or press ? or * to list all spells.
Casting: Cause Fear (dangerous; 16% risk of failure)
Press: ? - help, Dir - look around, f - activate The hound easily resists.
The iguana looks frightened!
The howler monkey looks frightened!
The hound misses you. The hound completely misses you.
Fire: a) +1 sling
Press: ? - help, Shift-Dir - straight line, f - hound
Aim: a hound (almost dead, inner flame, umbra, 50% to hit)
You shoot a sling bullet. The sling bullet hits the hound.
Dithmenos accepts your kill.
The hound explodes!
The fiery explosion engulfs you!!
Ouch! That really hurt!
* * * LOW HITPOINT WARNING * * *
You are engulfed in blazing flames.
Ouch! That really hurt!
You die...

####..#
#######.######.#.##.
..$##.# #.# #.#.##.
####..# #.# #.#....
#.#..# #.# #.#.##. ....#
#.# #.#.##. #... #.#
#.##### ..# #.# #......
.###################.#
#######
..........lh..ยงยง@....#
######################


You could see a howler monkey (fleeing) and an iguana (fleeing).

Vanquished Creatures
  A black bear (D:4)
  An ogre (D:4)
  2 phantoms
  3 hounds
  3 jellies
  An orc priest (D:6)
  Crazy Yiuf (D:3)
  Terence (D:3)
  An iguana (D:4)
  2 orc wizards
  Robin (D:3)
  3 gnolls
  6 adders
  A white imp (D:5)
  An ufetubus (D:3)
  A dart slug (D:2)
  20 orcs
  8 bats
  8 endoplasms
  4 giant cockroaches
  16 goblins
  14 hobgoblins
  2 jackals
  A quokka (D:1)
  5 ball pythons
  2 frilled lizards
  13 kobolds
  7 rats
129 creatures vanquished.

Vanquished Creatures (others)
  A fungus (D:3)
  4 plants (D:5)
5 creatures vanquished.

Grand Total: 134 creatures vanquished

Notes
Turn   | Place    | Note
-------+----------+-------------------------------------------
     0 | D:1      | Bnni the Formicid Hexslinger began the quest for the Orb.
     0 | D:1      | Reached XP level 1. HP: 15/15 MP: 2/2
    35 | D:1      | You fall into a shaft and drop 1 floor!
   231 | D:1      | Reached XP level 2. HP: 18/21 MP: 3/3
   293 | D:1      | Reached skill level 4 in Hexes
   350 | D:1      | Found Bakhloxoesh's Magic Scroll Shop.
   386 | D:1      | Found Acsesm's Jewellery Shop.
   424 | D:1      | Reached XP level 3. HP: 26/26 MP: 4/4
   429 | D:1      | Learned a level 3 spell: Inner Flame
   484 | D:1      | Found Forphoeke's General Store.
   572 | D:1      | Found Tirheuxt's Assorted Antiques.
   697 | D:1      | Found Welluck's Magic Scroll Boutique.
  1156 | D:2      | Reached XP level 4. HP: 20/33 MP: 6/6
  1439 | D:2      | Reached skill level 1 in Fire Magic
  2553 | D:2      | Reached XP level 5. HP: 28/38 MP: 7/7
  2738 | D:3      | Found a shimmering blue altar of Sif Muna.
  2781 | D:3      | Reached skill level 5 in Hexes
  2928 | D:3      | Noticed Robin
  2944 | D:3      | Killed Robin
  3093 | D:3      | Found a radiant altar of Vehumet.
  3214 | D:3      | Noticed Terence
  3232 | D:3      | Killed Terence
  3233 | D:3      | Reached XP level 6. HP: 39/45 MP: 0/9
  3521 | D:3      | Found a shadowy altar of Dithmenos.
  3916 | D:3      | Found a runed translucent door.
  3917 | D:3      | Noticed Crazy Yiuf
  3941 | D:3      | Killed Crazy Yiuf
  4438 | D:4      | Identified the -1 helmet of the Eternal Void {rC+}
  4479 | D:4      | Reached XP level 7. HP: 51/51 MP: 10/10
  4751 | D:4      | Reached skill level 6 in Hexes
  4834 | D:4      | Found a staircase to the Ecumenical Temple.
  4839 | Temple   | Entered the Ecumenical Temple
  4983 | D:3      | Became a worshipper of Dithmenos the Shadowed
  5104 | D:4      | Found Laddade's Armour Emporium.
  5110 | D:4      | Bought a +0 buckler for 49 gold pieces
  5171 | D:4      | Found a hide-covered altar of Uskayaw.
  5314 | D:4      | Learned a level 4 spell: Cause Fear
  5318 | D:4      | Learned a level 3 spell: Portal Projectile
  5319 | D:5      | Entered Level 5 of the Dungeon
  5436 | D:5      | Found a sacrificial altar of Ru.
  5647 | D:5      | Reached skill level 1 in Shields
  5935 | D:5      | Reached XP level 8. HP: 38/58 MP: 7/12
  6134 | D:5      | Found a hazy altar of Hepliaklqana.
  6415 | D:6      | Reached * piety under Dithmenos
  6428 | D:6      | Reached skill level 5 in Ranged Weapons
  6929 | D:6      | Engulfed by a cloud of flame

Illustrated notes

Levels and vault maps discovered:
D:1:      sevenhm_arrival_forest_fort_large_2, layout_loops_ring, serial_shops,
          shop_statue, nicolae_shop_stone, shop, nicolae_shop_crystal,
          shop_fountains
D:2:      minmay_inner_zag, layout_basic, wad_orctagon
D:3:      layout_basic, mainiacjoe_overflow_tiny_flanked,
          mainiacjoe_overflow_catwalk, nicolae_sif_muna_condensation,
          uniq_terence, uniq_crazy_yiuf_cottage, uniq_robin
D:4:      layout_loops_ring, nicolae_overflow_crystal_walls,
          minmay_temple_entry_nine_rooms, serial_shops, nicolae_shop_crystal,
          ldierk_geyser
D:5:      corexii_shack_village, layout_loops_ring, kennysheep_little_box,
          lemuel_doored_altar
D:6:      layout_basic, chequers_temple_overflow_minitemple,
          minmay_fractal_squares_gapless_5
Temple:   nicolae_temple_superstar

Skill      XL: |  1  2  3  4  5  6  7  8 |
---------------+-------------------------+-----
Hexes          | 4 5 6 |  6.7
Fire Magic     | 1 2 |  2.8
Ranged Weapons | 3 4 5 |  5.1
Fighting       | 2 3 |  3.5
Spellcasting   | 2 3 |  3.2
Shields        | 1 2 |  2.0
Dodging        | |  1.7

Action                   |  1- 3 |  4- 6 |  7- 9 || total
-------------------------+-------+-------+-------++-------
 Fire: Sling             |   131 |   243 |   204 ||   578
 Cast: Slow              |     1 |    22 |    14 ||    37
       Inner Flame       |       |     3 |     6 ||     9
       Cause Fear        |       |       |     2 ||     2
       Portal Projectile |       |       |     1 ||     1
  Use: Scroll            |       |       |     3 ||     3
Armor: Robe              |     8 |    20 |    36 ||    64
Dodge: Dodged            |    54 |    91 |    73 ||   218
Block: Buckler           |       |       |    14 ||    14

Table legend: (Time is in decaauts)
 A = Elapsed time spent in this place.
 B = Non-inter-level travel time spent in this place.
 C = Inter-level travel time spent in this place.
 D = Time resting spent in this place.
 E = Time spent auto-exploring this place.
 F = Levels seen in this place.
 G = Mean time per level.
                   A        B        C        D        E       F      G
               +--------+--------+--------+--------+--------+-----+--------+
         Total |   7064 |   6804 |    260 |   1053 |   4480 |   7 | 1009.1 |
       Dungeon |   6944 |   6690 |    254 |   1053 |   4374 |   6 | 1157.3 |
        Temple |    119 |    113 |      6 |      0 |    106 |   1 |  119.0 |
               +--------+--------+--------+--------+--------+-----+--------+

Top non-repeatable levels by time:
     D:2: 1742 daAuts
     D:3: 1544 daAuts
     D:4: 1129 daAuts
     D:5: 1093 daAuts
     D:1: 891 daAuts
     D:6: 543 daAuts
  Temple: 119 daAuts
